AoeStats
← Gjallarhorn

Golden Pit

503778749Analyzed
1v1 RM · 29d ago on Sep 2, 2026· 46m 21s· 2 players
Game mode
Random Map
Map size
Tiny (2 player)
Population
200
Speed
Normal
Resources
Standard
Victory
Conquest
Starting age
Dark Age
Ending age
Imperial Age
RankedLock teamsTeams togetherTeam positionsShared explorationLock speedFull tech treeHidden civsTurbo modeCheats
Victory
Defeat
🇩🇪 Vikings · Germany
762
+13
🇻🇳 Koreans · Vietnam
689
-21
quachvanhao2040
9:14 Feudal Age
12:06 Stone Mining
13:05 Double-Bit Axe
13:30 Loom
13:45 Loom
21:53 Castle Age
22:05 Horse Collar
Gjallarhorn
5:53 Loom
9:54 Feudal Age
11:46 Double-Bit Axe
14:56 Horse Collar
15:57 Town Watch
17:52 Man-at-Arms
20:07 Fletching
25:01 Castle Age
24:03 Scale Mail Armor
24:49 Arson
25:02 Crossbowman
25:49 Long Swordsman
26:35 Squires
26:46 Padded Archer Armor
28:09 Bodkin Arrow
29:34 Stone Mining
30:07 Forging
33:08 Town Patrol
34:35 Chain Mail Armor
34:56 Iron Casting
34:11 Gambesons
34:53 Bow Saw
37:50 Gold Mining
39:14 Chieftains
46:40 Imperial Age
46:18 Leather Archer Armor
Connection lost

Rejoining the realm…

Still unreachable

The connection could not be restored.

Session expired

The server has moved on; the page needs a fresh start.